 Dungeon Crawl Stone Soup version 0.29-a0-541-gaf1fc19f1b (webtiles) character file.

Game seed: 5480917502233200621

868 IdlyInterested the Sneak (level 7, -2/54 HPs)
             Began as a Demonspawn Brigand on June 2, 2022.
             Was an Initiate of Dithmenos.
             Killed by divine providence
             ... invoked by an orc priest
              (12 damage)
             ... on level 5 of the Dungeon.
             The game lasted 00:12:01 (4822 turns).

IdlyInterested the Sneak (Demonspawn Brigand)       Turns: 4822, Time: 00:12:01

Health: -2/54      AC: 13    Str: 10 (12) XL:     7   Next: 73%
Magic:  7/7        EV:  9    Int: 10 (12) God:    Dithmenos [......]
Gold:   230        SH:  4    Dex: 14 (16) Spells: 6/6 levels left

rFire   . . .      SeeInvis .   y - +1 short sword (venom)
rCold   . . .      Faith    .   (no shield)
rNeg    + . .      Spirit   .   t - +0 scale mail
rPois   +          Reflect  .   (no helmet)
rElec   .          Harm     .   c - +0 cloak
rCorr   .          Rampage  .   o - +0 pair of gloves
Will    .....                   f - +2 pair of boots
Stlth   ++........              (no amulet)
HPRegen 0.18/turn               g - ring of positive energy
MPRegen 0.10/turn               z - ring of poison resistance

@: no status effects
A: thin metallic scales 1, spiny 1, condensation shield
a: Renounce Religion


You were on level 5 of the Dungeon.
You worshipped Dithmenos.
Dithmenos was noncommittal.
You visited 2 branches of the dungeon, and saw 6 of its levels.
You also visited: Sewer.

You collected 230 gold pieces.

Inventory:

Hand Weapons
 a - a +3 dagger
 r - a +0 falchion
 y - a +1 short sword of venom (weapon)
Missiles
 d - 18 poisoned darts (quivered)
 e - 3 curare-tipped darts
 j - 192 stones
 l - 4 javelins
Armour
 c - a +0 cloak (worn)
 f - a +2 pair of boots (worn)
 n - a +0 chain mail
 o - a +0 pair of gloves (worn)
 t - a +0 scale mail (worn)
 u - a +2 robe of the Archmagi
Magical Staves
 q - a staff of earth
 v - a staff of conjuration
 w - a staff of death
Jewellery
 g - a ring of positive energy (left hand)
 i - a +6 ring of intelligence
 z - a ring of poison resistance (right hand)
Scrolls
 h - a scroll of summoning
 s - a scroll of enchant weapon
Potions
 k - a potion of curing
 m - 3 potions of attraction
 A - a potion of lignification


   Skills:
 + Level 4.1 Fighting
 - Level 1.7(2.6) Short Blades
 * Level 3.0(3.2) Long Blades
 - Level 1.7 Throwing
 + Level 4.4 Dodging
 * Level 6.3 Stealth


You had 6 spell levels left.
You didn't know any spells.
Your spell library was empty.

Dungeon Overview and Level Annotations

Branches:
Dungeon (5/15)             Temple (1/1) D:4           Sewer (visited)

Altars:
Ashenzari
Cheibriados
Dithmenos
Elyvilon
Fedhas
Gozag
Hepliaklqana
Kikubaaqudgha
Makhleb
Nemelex Xobeh
Okawaru
Qazlal
Ru
Trog
Uskayaw
Vehumet
Wu Jian
Xom
Yredelemnul
Zin
The Shining One


Innate Abilities, Weirdness & Mutations

You are partially covered in thin metallic scales. (AC +2)
You are partially covered in sharp spines.
A meltable shield of frost defends you. (SH +4)


Message History

The phantom hits you but does no damage.
You hit the phantom.
The phantom is moderately damaged.
You block the phantom's attack.
You barely miss the phantom.
The phantom is moderately damaged.
The phantom hits you but does no damage.
You hit the phantom.
The phantom is heavily damaged.
The phantom is struck by your spines.
The phantom hits you but does no damage.
You closely miss the phantom.
The phantom is heavily damaged.
The orc priest calls down the wrath of Beogh upon you.
Beogh smites you! The orc hits you but does no damage.
The phantom barely misses you.
You hit the orc.
The orc is poisoned.
The orc is lightly wounded.
The phantom is struck by your spines. The phantom hits you.
The orc hits you but does no damage.
You hit the phantom.
The phantom is almost destroyed.
The phantom is struck by your spines.
You destroy the phantom!
Dithmenos accepts your kill.
The orc priest calls down the wrath of Beogh upon you.
Beogh smites you!
* * * LOW HITPOINT WARNING * * *
The orc closely misses you.
You feel your dexterity returning.
Your Long Blades skill increases to level 3!
Found a stone staircase leading up.
The orc priest hits you but does no damage.
Items here: ))) [[ ††.
You closely miss the orc priest.
You kill the orc!
Dithmenos accepts your kill.
The orc priest invokes the aid of Beogh against you.
Beogh smites you!
You die...

#.........#
.......###.#.###
..###.#.###.# ..
#.#.....# .##
#.......#..#
#.......#..#
#.#........# <
#.##.#.?##.##....
#.#..)@o...#
.......######...
....[..# ###.####
#. #.


You could see an orc priest.

Vanquished Creatures
  Menkaure (D:4)
  Duvessa (D:4)
  Pargi (Sewer)
  A black bear (D:3)
  2 phantoms
  Dowan (D:4)
  A hound (D:4)
  2 orc wizards
  8 adders
  A river rat (D:3)
  A worm (D:2)
  A dart slug (D:3)
  11 orcs
  4 endoplasms
  3 giant cockroaches
  8 goblins
  4 hobgoblins
  3 jackals (D:2)
  A quokka (D:4)
  4 ball pythons
  9 bats
  3 frilled lizards
  9 kobolds
  7 rats
  A spectral goblin (D:1)
88 creatures vanquished.

Notes
Turn   | Place    | Note
-------+----------+-------------------------------------------
     0 | D:1      | IdlyInterested the Demonspawn Brigand began the quest for
                  | the Orb.
     0 | D:1      | Reached XP level 1. HP: 16/16 MP: 1/1
    55 | D:1      | Reached skill level 1 in Dodging
   429 | D:1      | Gained mutation: A meltable shield of frost defends you.
                  | (SH +4) [demonic ancestry]
   429 | D:1      | Reached XP level 2. HP: 22/22 MP: 2/2
   469 | D:1      | Found a faded altar of an unknown god.
  1057 | D:2      | Reached skill level 4 in Stealth
  1085 | D:2      | Gained mutation: You are partially covered in sharp spines.
                  | [demonic ancestry]
  1085 | D:2      | Reached XP level 3. HP: 11/28 MP: 3/3
  1648 | D:2      | Gained mutation: You are partially covered in thin metallic
                  | scales. (AC +2) [demonic ancestry]
  1648 | D:2      | Reached XP level 4. HP: 24/34 MP: 4/4
  2036 | D:3      | Found a glowing drain.
  2041 | Sewer    | Entered a sewer
  2074 | Sewer    | Noticed Pargi
  2089 | Sewer    | Killed Pargi
  2090 | Sewer    | Reached skill level 5 in Stealth
  2090 | Sewer    | Reached XP level 5. HP: 35/41 MP: 5/5
  2912 | D:3      | Noticed a black bear
  2924 | D:3      | Killed a black bear
  2925 | D:3      | Reached skill level 1 in Long Blades
  2925 | D:3      | Reached XP level 6. HP: 26/47 MP: 6/6
  3275 | D:4      | Noticed Menkaure
  3287 | D:4      | Killed Menkaure
  3414 | D:4      | Found a staircase to the Ecumenical Temple.
  3417 | D:4      | Reached XP level 7. HP: 46/52 MP: 7/7
  3439 | Temple   | Entered the Ecumenical Temple
  3627 | Temple   | Became a worshipper of Dithmenos the Shadowed
  4068 | D:4      | Noticed Duvessa
  4068 | D:4      | Noticed Dowan
  4093 | D:4      | Killed Duvessa
  4100 | D:4      | Killed Dowan
  4101 | D:4      | Reached skill level 6 in Stealth
  4766 | D:5      | Entered Level 5 of the Dungeon
  4822 | D:5      | Killed from afar by an orc priest

Illustrated notes

Levels and vault maps discovered:
D:1:      psy_arrival_statuary, layout_basic,
          dreamdust_ecumenical_altar_drowned_temple
D:2:      layout_basic, corexii_shack
D:3:      layout_basic, portal_sewer_entry_e
D:4:      layout_rooms, minmay_temple_entry_stoned_glass, uniq_duvessa,
          uniq_menkaure
D:5:      layout_loops_cross
Temple:   mainiacjoe_temple_starburst

Skill      XL: |  1  2  3  4  5  6  7 |
---------------+----------------------+-----
Dodging        | 1 2 3 4 |  4.4
Stealth        | 4 5 6 |  6.3
Fighting       | 3 4 |  4.1
Long Blades    | 1 3 |  3.0
Short Blades   | |  1.7
Throwing       | |  1.7

Action                   |  1- 3 |  4- 6 |  7- 9 || total
-------------------------+-------+-------+-------++-------
Melee: Dagger            |    80 |    51 |    10 ||   141
       Falchion          |       |    43 |     9 ||    52
       Short sword       |       |       |    39 ||    39
Throw: Dart              |       |     4 |     1 ||     5
  Use: Scroll            |     3 |     4 |     3 ||    10
       Potion            |     1 |     2 |     4 ||     7
 Stab: Sleeping          |    10 |     1 |     1 ||    12
       Distracted        |       |     1 |       ||     1
Armor: Robe              |     9 |       |       ||     9
       Leather armour    |     4 |    19 |       ||    23
       Scale mail        |       |    13 |    25 ||    38
Dodge: Dodged            |    31 |    54 |    18 ||   103
Block: Other             |     9 |    17 |     8 ||    34

Table legend: (Time is in decaauts)
 A = Elapsed time spent in this place.
 B = Non-inter-level travel time spent in this place.
 C = Inter-level travel time spent in this place.
 D = Time resting spent in this place.
 E = Time spent auto-exploring this place.
 F = Levels seen in this place.
 G = Mean time per level.
                   A        B        C        D        E       F      G
               +--------+--------+--------+--------+--------+-----+--------+
         Total |   4837 |   4547 |    290 |   1258 |   2324 |   7 |  691.0 |
       Dungeon |   4145 |   3902 |    243 |   1258 |   1784 |   5 |  829.0 |
        Temple |    580 |    533 |     47 |      0 |    520 |   1 |  580.0 |
         Sewer |    111 |    111 |      0 |      0 |     20 |   1 |  111.0 |
               +--------+--------+--------+--------+--------+-----+--------+

Top non-repeatable levels by time:
     D:3: 1388 daAuts
     D:1: 939 daAuts
     D:4: 921 daAuts
     D:2: 840 daAuts
  Temple: 580 daAuts
   Sewer: 111 daAuts
     D:5: 55 daAuts
